 Dungeon Crawl Stone Soup version 0.30-a0-223-gcb0039aa0c (webtiles) character file.

Game seed: 16067266346296877711

354 qw the Chopper (level 6, 0/38 HPs)
             Began as a Gargoyle Fighter on Oct 9, 2022.
             Slain by a river rat (2 damage)
             ... summoned by Eustachio
             ... on level 4 of the Dungeon.
             The game lasted 00:01:14 (2965 turns).

qw the Chopper (Gargoyle Fighter)                   Turns: 2965, Time: 00:01:15

Health: 0/38       AC: 14    Str: 22      XL:     6   Next: 62%
Magic:  6/6        EV:  7    Int:  8      God:
Gold:   128        SH:  4    Dex:  6 (9)  Spells: 5/5 levels left

rFire   + . .      SeeInvis .    Y - +0 war axe
rCold   . . .      Faith    .    c - +0 buckler
rNeg    + . .      Spirit   .    k - +0 chain mail
rPois   inf        Reflect  .    (no helmet)
rElec   +          Harm     .    (no cloak)
rCorr   .          Rampage  .    (no gloves)
Will    .....                    n - +0 pair of boots
Stlth   ..........               (no amulet)
HPRegen 0.26/turn                i - ring of protection from fire
MPRegen 0.10/turn                (no ring)

@: no status effects
A: sickness immunity, AC +4, negative energy resistance 1, electricity
resistance, torment resistance 1, petrification resistance
a: no special abilities


You were on level 4 of the Dungeon.
You visited 1 branch of the dungeon, and saw 4 of its levels.

You collected 254 gold pieces.
You spent 126 gold pieces at shops.


Innate Abilities, Weirdness & Mutations

You are immune to sickness and miasma.
Your stone body is resilient. (AC +4)
You are immune to poison.
You resist negative energy. (rN+)
You are resistant to electric shocks. (rElec)
You are resistant to unholy torment.
You are immune to petrification.


   Skills:
 - Level 4.0 Fighting
 + Level 5.9 Axes
 - Level 3.2 Armour
 - Level 3.2 Shields


You had 5 spell levels left.
You didn't know any spells.
Your spell library was empty.

Inventory:

Hand Weapons
 m - a +0 flail
 Y - a +0 war axe (weapon)
Armour
 b - a +0 helmet
 c - a +0 buckler (worn)
 f - a +0 pair of gloves
 k - a +0 chain mail (worn)
 n - a +0 pair of boots (worn)
Jewellery
 e - a ring of ice
 i - a ring of protection from fire (left hand)
 j - a ring of ice
Scrolls
 g - a scroll of identify {unknown}
Potions
 a - a potion of invisibility {unknown}
 d - a potion of might
 p - 2 potions of haste

Dungeon Overview and Level Annotations

Branches:
Dungeon (4/15)
 Temple: D:4-7

Altars:
Ashenzari
Cheibriados

Shops:
D:4 [

Annotations:
D:4 Eustachio


Message History

Eustachio gestures wildly while chanting.
The river rat bites you but does no damage.
The quokka closely misses you. The shadow imp closely misses you.
You hit the quokka.
You kill the quokka!
The quokka's corpse disappears in a puff of smoke!
You hit Eustachio but do no damage. You closely miss the river rat.
You hit the shadow imp.
The shadow imp disappears in a puff of smoke!
You block Eustachio's attack. You block the river rat's attack.
The white imp picks up a beetle and eats it.
You hit Eustachio but do no damage.
Eustachio is moderately wounded.
You closely miss the river rat. You hit the white imp.
You slash the shadow imp!
Eustachio gestures wildly while chanting.
The river rat bites you but does no damage.
The shadow imp laughs crazily.
The shadow imp hits you. The white imp gestures at you.
The puff of frost hits you.
You slash the shadow imp!
You kill the shadow imp!
The shadow imp disappears in a puff of smoke!
You hit the white imp. You hit the river rat. You barely miss the shadow imp.
You closely miss Eustachio. You hit the river rat.
Eustachio hits you but does no damage.
The river rat bites you but does no damage.
The shadow imp hits you. The white imp hits you. The white imp freezes you.
The river rat bites you but does no damage.
Eustachio hits you with a +2 falchion of holy wrath.
You block the river rat's attack.
You barely miss the white imp.
The white imp is almost dead.
You hit the river rat but do no damage. You hit the river rat.
You closely miss the shadow imp. You hit Eustachio.
The shadow imp hits you but does no damage.
The white imp laughs crazily.
The white imp gestures at you. The puff of frost hits you.
The river rat bites you.
You die...

.r......# #..
###b###.##... #.. ...
#... #.. ..## ..... #..
... #....##############
#.. .##.
..........##......######
.# .#
.....r....##.........#
........r.##.........###
......r@5...............
......5.@.##.........###
......¤¤..######........
..#.####### #........ .
# ##........ #...###...
### #...# #... ..#
#...###... ..#
#.........


You could see Eustachio, 2 river rats, a white imp (summoned), a shadow imp
(summoned) and a quokka (summoned).

Vanquished Creatures
  A phantom (D:4)
  A scorpion (D:4)
  A howler monkey (D:4)
  Ijyb (D:3)
  Terence (D:3)
  6 adders
  2 worms (D:3)
  3 dart slugs
  11 endoplasms
  4 giant cockroaches
  5 hobgoblins
  3 jackals (D:4)
  A quokka (D:2)
  10 ball pythons
  4 bats (D:3)
  2 frilled lizards (D:1)
  2 goblins
  3 kobolds
  5 rats
66 creatures vanquished.

Notes
Turn   | Place    | Note
-------+----------+-------------------------------------------
     0 | D:1      | qw the Gargoyle Fighter began the quest for the Orb.
     0 | D:1      | Reached XP level 1. HP: 14/14 MP: 1/1
     0 | D:1      | 0 ||| qw: Version: 0.2-a-17-g06abaee
     0 | D:1      | 0 ||| qw: Game counter: 2260
     0 | D:1      | 0 ||| qw: Always use a shield: true
     0 | D:1      | 0 ||| qw: God list: Okawaru
     0 | D:1      | 0 ||| qw: Allow faded altars: false
     0 | D:1      | 0 ||| qw: Do Orc after D:15 true
     0 | D:1      | 0 ||| qw: Do second Lair branch before Depths: true
     0 | D:1      | 0 ||| qw: Lair rune preference: random
     0 | D:1      | 0 ||| qw: Plans: Normal, Zot:1-4, God:TSO, Crypt, Tomb,
                  | Pan, Slime:5, Hells, Abyss, Orb
     0 | D:1      | 0 ||| PLANNING D:1-11
    25 | D:1      | Reached skill level 2 in Axes
   323 | D:1      | Reached XP level 2. HP: 19/19 MP: 2/2
   526 | D:1      | 526 ||| Stepping ~*~*~tactically~*~*~ (hiding).
   637 | D:1      | 637 ||| Stepping ~*~*~tactically~*~*~ (stealth).
   638 | D:1      | 638 ||| Stepping ~*~*~tactically~*~*~ (stealth).
   749 | D:1      | 749 ||| UPGRADING to ring of protection from fire.
   750 | D:1      | 750 ||| DRINKING 2 golden potions.
   751 | D:1      | 751 ||| DRINKING 2 bubbling white potions.
   752 | D:1      | 752 ||| DROPPING potion of brilliance.
   807 | D:2      | Reached skill level 3 in Axes
   836 | D:2      | Reached XP level 3. HP: 23/23 MP: 3/3
   957 | D:2      | 957 ||| Stepping ~*~*~tactically~*~*~ (hiding).
   960 | D:2      | 960 ||| Stepping ~*~*~tactically~*~*~ (hiding).
  1370 | D:2      | Found a broken altar of Ashenzari.
  1600 | D:2      | 1600 ||| UPGRADING to +0 chain mail.
  1610 | D:2      | 1610 ||| DROPPING +0 scale mail.
  1611 | D:2      | 1611 ||| UPGRADING to +0 pair of boots.
  1616 | D:2      | 1616 ||| READING scroll labelled ROGHUO ZYNUTH.
  1617 | D:2      | 1617 ||| READING scroll labelled KOASAW ONWAN.
  1618 | D:2      | 1618 ||| READING scroll labelled XYESOH EFILLAH.
  1623 | D:2      | 1623 ||| DRINKING 2 ruby potions.
  1624 | D:2      | 1624 ||| DROPPING potion of degeneration.
  1744 | D:3      | Found a snail-covered altar of Cheibriados.
  1759 | D:3      | Reached XP level 4. HP: 27/28 MP: 4/4
  1823 | D:3      | Reached skill level 4 in Axes
  1890 | D:3      | 1890 ||| DROPPING +0 mace.
  1990 | D:3      | Noticed Ijyb
  2008 | D:3      | Killed Ijyb
  2093 | D:3      | Found a faded altar of an unknown god.
  2094 | D:3      | 2094 ||| Stepping ~*~*~tactically~*~*~ (stealth).
  2108 | D:3      | Reached XP level 5. HP: 31/32 MP: 5/5
  2148 | D:3      | Noticed Terence
  2162 | D:3      | Killed Terence
  2419 | D:3      | 2419 ||| DROPPING ring of magical power.
  2420 | D:3      | 2420 ||| READING scroll labelled ROEFAEFOP KUOR.
  2521 | D:3      | 2521 ||| READING scroll labelled ESCHOC LEIXT.
  2522 | D:3      | 2522 ||| DRINKING 2 bubbling dark potions.
  2523 | D:3      | 2523 ||| DROPPING potion of flight.
  2557 | D:4      | HP: 8/32 [scorpion (6)]
  2558 | D:4      | 2558 ||| READING 3 scrolls of teleportation.
  2559 | D:4      | 2559 ||| DRINKING 2 potions of heal wounds.
  2566 | D:4      | Reached skill level 5 in Axes
  2569 | D:4      | Noticed Eustachio
  2571 | D:4      | 2571 ||| Stepping ~*~*~tactically~*~*~ (stealth).
  2575 | D:4      | 2575 ||| Stepping ~*~*~tactically~*~*~ (stealth).
  2603 | D:4      | HP: 5/33 [river rat[Eustachio] (5)]
  2604 | D:4      | 2604 ||| READING 2 scrolls of teleportation.
  2605 | D:4      | 2605 ||| DRINKING potion of heal wounds.
  2606 | D:4      | Found Kabboat's Armour Shoppe.
  2636 | D:4      | 2636 ||| BUYING +0 helmet (63 gold).
  2636 | D:4      | Bought a +0 helmet for 63 gold pieces
  2636 | D:4      | 2636 ||| BUYING +0 pair of gloves (63 gold).
  2636 | D:4      | Bought a +0 pair of gloves for 63 gold pieces
  2636 | D:4      | 2636 ||| SHOPLISTING +1 chain mail of Archol {Dex+2} (289
                  | gold, have 119).
  2636 | D:4      | 2636 ||| SHOPLISTING +1 helmet (161 gold, have 119).
  2650 | D:4      | Noticed a phantom
  2661 | D:4      | Killed a phantom
  2662 | D:4      | Reached XP level 6. HP: 32/38 MP: 6/6
  2739 | D:4      | HP: 7/38 [scorpion (4)]
  2740 | D:4      | 2740 ||| READING scroll of teleportation.
  2964 | D:4      | HP: 8/38 [Eustachio/+2 falchion of holy wrath (3)]
  2965 | D:4      | HP: 2/38 [white imp/puff of frost[Eustachio] (6)]
  2965 | D:4      | Slain by a river rat

Levels and vault maps discovered:
D:1:      amcnicky_arrival_wind_blow, layout_basic, minmay_cupped
D:2:      layout_basic, basic_altar, kennysheep_generic_room_4
D:3:      layout_loops_cross, kennysheep_slug_shrine,
          shapermc_ecumenical_altar_notcrosses, feat_on_display, uniq_ijyb,
          uniq_terence
D:4:      layout_basic, serial_shops, nicolae_shop_trees, uniq_eustachio

Skill      XL: |  1  2  3  4  5 |
---------------+----------------+-----
Axes           | 2 3 4 5 |  5.9
Fighting       | 4 |  4.0
Armour         | |  3.2
Shields        | |  3.2

Action                   |  1- 3 |  4- 6 || total
-------------------------+-------+-------++-------
Melee: War axe           |   104 |   186 ||   290
  Use: Potion            |     3 |     3 ||     6
       Scroll            |     3 |     5 ||     8
Armor: Scale mail        |    40 |       ||    40
       Chain mail        |    32 |   223 ||   255
Dodge: Dodged            |    39 |   107 ||   146
Block: Buckler           |    22 |    64 ||    86

Table legend:
 A = Non-vault XP
 B = Vault XP
 C = Vault XP percentage of total XP
 D = Non-vault monster count
 E = Vault monster count
 F = Vault count percentage of total count
                 A         B        C        D         E       F
            +---------+---------+-------+---------+---------+-------
      Total |     421 |      85 |  16.8 |      59 |       7 |  10.6
            +---------+---------+-------+---------+---------+-------
        D:1 |      24 |       4 |  14.3 |      14 |       3 |  17.6
        D:2 |      32 |       2 |   5.9 |      11 |       1 |   8.3
        D:3 |      70 |      79 |  53.0 |      17 |       3 |  15.0
        D:4 |     295 |       0 |   0.0 |      17 |       0 |   0.0
            +---------+---------+-------+---------+---------+-------
